AoeStats
← Overcome8853

Black Forest

509173466Analyzed
3v3 RM · 5d ago on Sep 25, 2026· 83m 36s· 6 players
Game mode
Random Map
Map size
Normal (6 player)
Population
200
Speed
Normal
Resources
Standard
Victory
Conquest
Starting age
Dark Age
Ending age
Imperial Age
RankedLock teamsTeams togetherTeam positionsShared explorationLock speedFull tech treeHidden civsTurbo modeCheats
Victory
Defeat
🇭🇺 Huns · Hungary
1000
+26
🇭🇺 Persians · Hungary
756
+16
🇭🇺 Celts · Hungary
699
+18
🇹🇷 Burgundians · Türkiye
802
-15
🇹🇷 Lithuanians · Türkiye
781
-14
🇹🇷 Vietnamese · Türkiye
731
-12
***ZARBO***
0:29 Loom
14:33 Feudal Age
15:04 Double-Bit Axe
15:03 Horse Collar
15:18 Town Watch
15:50 Gold Mining
16:34 Fishing Lines
18:03 Wheelbarrow
19:01 Stone Mining
26:07 Castle Age
25:28 Forging
25:27 Scale Barding Armor
27:03 Bow Saw
26:56 Heavy Plow
27:37 Stone Shaft Mining
26:56 Gillnets
27:12 Scale Mail Armor
27:03 Fletching
27:13 Padded Archer Armor
28:38 Hand Cart
29:10 Town Patrol
34:53 Chatras
37:27 Imperial Age
35:47 Husbandry
35:57 Bloodlines
35:08 Light Cavalry
39:37 Caravan
40:07 Coinage
39:48 Guilds
39:55 Siege Engineers
40:37 Paper Money
41:25 Two-Man Saw
40:58 Crop Rotation
41:10 Iron Casting
40:51 Chain Mail Armor
40:56 Chain Barding Armor
43:44 Plate Mail Armor
43:10 Bodkin Arrow
43:30 Leather Archer Armor
43:10 Heated Shot
43:21 Cavalier
44:46 Ballistics
45:06 Banking
45:45 Chemistry
45:03 Leather Archer Armor
47:05 Elite Rattan Archer
48:21 Hoardings
47:17 Sappers
47:27 Elite Battle Elephant
49:04 Plate Barding Armor
51:30 Ring Archer Armor
51:00 Bracer
51:17 Masonry
50:48 Treadmill Crane
67:32 Squires
67:18 Arson
66:54 Pikeman
75:20 Halberdier
79:54 Onager
ScorpioN
0:37 Loom
10:56 Feudal Age
12:16 Wheelbarrow
11:26 Town Watch
14:02 Horse Collar
14:11 Double-Bit Axe
18:10 Fishing Lines
21:20 Castle Age
20:04 Stone Mining
20:05 Gold Mining
21:54 Gillnets
25:14 Hand Cart
25:17 Bow Saw
25:34 Heavy Plow
27:27 Town Patrol
27:40 Caravan
28:29 Stone Shaft Mining
29:39 Murder Holes
30:07 Ballistics
34:42 Imperial Age
32:44 Elite Skirmisher
35:09 Hill Forts
35:13 Padded Archer Armor
35:03 Fletching
35:20 Scale Barding Armor
35:15 Scale Mail Armor
36:11 Crop Rotation
36:46 Two-Man Saw
38:08 Chemistry
37:21 Fortified Wall
37:57 Elite Leitis
39:13 Treadmill Crane
39:43 Masonry
40:07 Tower Shields
40:49 Leather Archer Armor
40:55 Chain Barding Armor
41:21 Imperial Skirmisher
42:38 Bloodlines
41:49 Light Cavalry
43:28 Winged Hussar
45:45 Plate Barding Armor
47:07 Ring Archer Armor
46:32 Bodkin Arrow
46:53 Chain Mail Armor
47:50 Block Printing
47:33 Herbal Medicine
48:15 Theocracy
50:14 Hoardings
50:02 Conscription
50:10 Conscription
51:09 Forging
50:59 Bracer
51:35 Architecture
50:57 Heated Shot
50:59 Guard Tower
51:33 Bombard Tower
careems.ea
0:28 Loom
11:22 Fishing Lines
12:02 Double-Bit Axe
14:15 Wheelbarrow
14:03 Horse Collar
17:02 Feudal Age
18:07 Bow Saw
18:00 Heavy Plow
18:27 Gillnets
19:01 Gold Mining
21:23 Hand Cart
26:11 Castle Age
25:01 Caravan
25:04 Town Watch
25:41 Forging
25:52 Scale Barding Armor
26:46 Gold Shaft Mining
26:03 Stone Mining
28:14 Two-Man Saw
27:27 Husbandry
28:52 Crop Rotation
29:23 Cavalier
30:14 Town Patrol
32:15 Stone Shaft Mining
31:54 Guilds
31:55 Treadmill Crane
32:28 Fortified Wall
32:47 Pikeman
33:27 Squires
33:13 Arson
36:48 Imperial Age
35:29 Murder Holes
36:31 Ballistics
38:32 Chemistry
37:40 Halberdier
37:46 Paladin
39:10 Coinage
39:46 Conscription
38:58 Flemish Revolution
39:36 Burgundian Vineyards
39:27 Elite Coustillier
42:01 Chain Barding Armor
42:22 Iron Casting
41:42 Fletching
41:55 Padded Archer Armor
43:45 Banking
45:01 Onager
50:45 Plate Barding Armor
51:11 Blast Furnace
50:12 Scale Mail Armor
50:08 Bodkin Arrow
50:29 Leather Archer Armor
54:53 Light Cavalry
55:53 Bracer
56:09 Chain Mail Armor
57:59 Bombard Tower
57:08 Hussar
70:01 Plate Mail Armor
Overcome8853
15:03 Feudal Age
22:03 Wheelbarrow
21:11 Horse Collar
22:40 Gold Mining
22:40 Stone Mining
22:38 Double-Bit Axe
25:11 Scale Barding Armor
26:36 Forging
26:30 Scale Mail Armor
30:27 Castle Age
31:23 Heavy Plow
32:02 Gold Shaft Mining
31:41 Bow Saw
31:37 Caravan
31:56 Hand Cart
36:03 Chain Barding Armor
36:20 Fishing Lines
38:58 Coinage
41:17 Imperial Age
41:54 Masonry
41:41 Murder Holes
42:12 Ballistics
43:52 Plate Barding Armor
43:33 Chain Mail Armor
43:57 Iron Casting
43:13 Fletching
43:24 Padded Archer Armor
43:12 Loom
43:14 Town Watch
44:35 Chemistry
44:04 Fervor
44:19 Heresy
43:42 Elite Tarkan
44:48 Conscription
44:54 Atheism
44:36 Marauders
45:56 Town Patrol
49:25 Banking
49:08 Guilds
78:53 Man-at-Arms
79:45 Squires
79:06 Pikeman
79:33 Arson
79:25 Long Swordsman
81:15 Bodkin Arrow
81:35 Leather Archer Armor
82:21 Blast Furnace
82:07 Halberdier
Scrap
0:27 Loom
17:18 Feudal Age
18:38 Wheelbarrow
20:54 Castle Age
18:37 Horse Collar
18:48 Double-Bit Axe
19:01 Stone Mining
19:46 Gold Mining
22:00 Hand Cart
23:24 Bow Saw
24:18 Stone Shaft Mining
24:45 Heavy Plow
29:16 Caravan
29:48 Coinage
31:44 Scale Barding Armor
31:40 Scale Mail Armor
31:51 Forging
32:08 Ballistics
35:16 Imperial Age
32:32 Town Watch
33:07 Kamandaran
34:46 Chain Barding Armor
35:03 Iron Casting
34:44 Chain Mail Armor
35:50 Citadels
36:01 Conscription
36:18 Banking
35:58 Guilds
35:25 Elite War Elephant
37:23 Chemistry
39:01 Crop Rotation
39:45 Two-Man Saw
39:01 Husbandry
38:21 Cavalier
39:59 Plate Barding Armor
40:27 Blast Furnace
39:56 Town Patrol
41:13 Savar
42:48 Gold Shaft Mining
44:30 Masonry
48:17 Plate Mail Armor
47:38 Fletching
47:49 Padded Archer Armor
49:22 Hoardings
48:31 Sappers
49:19 Heavy Scorpion
Pufci2011
0:34 Loom
17:00 Feudal Age
20:48 Horse Collar
20:59 Double-Bit Axe
21:09 Gold Mining
21:11 Stone Mining
25:09 Castle Age
33:01 Imperial Age
33:32 Caravan
34:03 Coinage
34:52 Ballistics
35:33 Chemistry
36:11 Furor Celtica
37:47 Elite Woad Raider
39:02 Bow Saw
38:57 Heavy Plow
39:36 Gold Shaft Mining
39:37 Stone Shaft Mining
44:53 Forging
44:44 Scale Mail Armor
45:14 Stronghold
44:52 Heavy Scorpion
78:34 Capped Ram
Connection lost

Rejoining the realm…

Still unreachable

The connection could not be restored.

Session expired

The server has moved on; the page needs a fresh start.